TOP OF THE 1ST |
Nortonville Cherokees batting - Pitching for San Bernardino Grasshoppers : LHP Harvey Richards
|
Pitching: LHP Harvey Richards
|
|
Batting: RHB David Sánchez
|
0-0: Called Strike 0-1: Ball 1-1: Fly out, F8 (Flyball, 8RS)
|
Batting: RHB Thomas Morris
|
0-0: Called Strike 0-1: Fly out, F7 (Flyball, 7D)
|
Batting: RHB Claudio Torres
|
0-0: Ball 1-0: Called Strike 1-1: Swinging Strike 1-2: Ball 2-2: Foul Ball, location: 2F 2-2: Ball 3-2: Foul Ball, location: 2F 3-2: Foul Ball, location: 2F 3-2: Base on Balls
|
Batting: RHB Miguel Ramírez
|
0-0: Foul Ball, location: 2F 0-1: Fly out, F7 (Flyball, 7M)
|
Top of the 1st over - 0 run(s), 0 hit(s), 0 error(s), 1 left on base; Nortonville 0 - San Bernardino 0 |
BOTTOM OF THE 1ST |
San Bernardino Grasshoppers batting - Pitching for Nortonville Cherokees : RHP Luis Flores
|
Pitching: RHP Luis Flores
|
|
Batting: RHB Mark Field
|
0-0: Reached on Error, E9 (Flyball, 9M)
|
Batting: LHB Dave Harris
|
0-0: Called Strike 0-1: Ball 1-1: SINGLE (Groundball, 4MD) Mark Field to second
|
Batting: RHB Reggie Kahn
|
0-0: Ball 1-0: Ball 2-0: Foul Ball, location: 2F 2-1: Grounds into double play, 6-4-3 (Groundball, 56) Mark Field to third
|
Batting: RHB Andrew Floyd
|
0-0: Swinging Strike 0-1: Ball 1-1: Called Strike 1-2: Strikes out swinging
|
Bottom of the 1st over - 0 run(s), 1 hit(s), 1 error(s), 1 left on base; Nortonville 0 - San Bernardino 0 |
TOP OF THE 2ND |
Nortonville Cherokees batting - Pitching for San Bernardino Grasshoppers : LHP Harvey Richards
|
Batting: SHB Chris Cordell
|
0-0: Ball 1-0: Foul Ball, location: 2F 1-1: Ball 2-1: Swinging Strike 2-2: Ball 3-2: Base on Balls
|
Batting: RHB Joel Lee
|
0-0: Ball 1-0: Ball 2-0: Ball 3-0: Base on Balls Chris Cordell to second
|
Batting: RHB Louie McNeil
|
0-0: Foul Ball, location: 2F 0-1: Called Strike 0-2: Fly out, F7 (Flyball, 7M)
|
Batting: RHB Chris Oudekirk
|
0-0: Called Strike Joel Lee is caught stealing 2nd base 0-1: Ball 1-1: Ball 2-1: Ball 3-1: Base on Balls
|
Batting: LHB Anthony Trigg
|
0-0: Swinging Strike 0-1: Foul Ball, location: 2F 0-2: Strikes out swinging
|
Top of the 2nd over - 0 run(s), 0 hit(s), 0 error(s), 2 left on base; Nortonville 0 - San Bernardino 0 |
BOTTOM OF THE 2ND |
San Bernardino Grasshoppers batting - Pitching for Nortonville Cherokees : RHP Luis Flores
|
Batting: RHB Jorge Salazar
|
0-0: Ball 1-0: Ball 2-0: Called Strike 2-1: Ground out 4-3 (Groundball, 4M)
|
Batting: RHB Luis Trujillo
|
0-0: Called Strike 0-1: Foul Ball, location: 2F 0-2: Foul Ball, location: 2F 0-2: Strikes out swinging
|
Batting: RHB Frank Collins
|
0-0: Ball 1-0: Called Strike 1-1: Ground out 1-3 (Groundball, 15S)
|
Bottom of the 2nd over - 0 run(s), 0 hit(s), 0 error(s), 0 left on base; Nortonville 0 - San Bernardino 0 |
TOP OF THE 3RD |
Nortonville Cherokees batting - Pitching for San Bernardino Grasshoppers : LHP Harvey Richards
|
Batting: RHB David Sánchez
|
0-0: Ball 1-0: Called Strike 1-1: Foul Ball, location: 2F 1-2: Ground out 6-3 (Groundball, 6M)
|
Batting: RHB Thomas Morris
|
0-0: Ball 1-0: Called Strike 1-1: Swinging Strike 1-2: Strikes out swinging
|
Batting: RHB Claudio Torres
|
0-0: Ground out 6-3 (Groundball, 6MS)
|
Top of the 3rd over - 0 run(s), 0 hit(s), 0 error(s), 0 left on base; Nortonville 0 - San Bernardino 0 |
BOTTOM OF THE 3RD |
San Bernardino Grasshoppers batting - Pitching for Nortonville Cherokees : RHP Luis Flores
|
Batting: RHB Cal Robinson
|
0-0: Ball 1-0: Ball 2-0: SINGLE (Groundball, 5D)
|
Batting: RHB Cecil Cole
|
0-0: Called Strike 0-1: Ball 1-1: Foul Ball, location: 2F 1-2: Grounds into double play, U4-3 (Groundball, 4)
|
Batting: RHB Mark Field
|
0-0: Foul Ball, location: 2F 0-1: Ball 1-1: Ball 2-1: Ball 3-1: Called Strike 3-2: Fly out, F7 (Flyball, 7D)
|
Bottom of the 3rd over - 0 run(s), 1 hit(s), 0 error(s), 0 left on base; Nortonville 0 - San Bernardino 0 |
TOP OF THE 4TH |
Nortonville Cherokees batting - Pitching for San Bernardino Grasshoppers : LHP Harvey Richards
|
Batting: RHB Miguel Ramírez
|
0-0: Fly out, F7 (Flyball, 7S)
|
Batting: SHB Chris Cordell
|
0-0: Ball 1-0: Ball 2-0: SINGLE (Groundball, 4MD)
|
Batting: RHB Joel Lee
|
0-0: Ball 1-0: Ball 2-0: Grounds into double play, 6-4-3 (Groundball, 6)
|
Top of the 4th over - 0 run(s), 1 hit(s), 0 error(s), 0 left on base; Nortonville 0 - San Bernardino 0 |
BOTTOM OF THE 4TH |
San Bernardino Grasshoppers batting - Pitching for Nortonville Cherokees : RHP Luis Flores
|
Batting: LHB Dave Harris
|
0-0: Ball 1-0: Ball 2-0: Ball 3-0: Base on Balls
|
Batting: RHB Reggie Kahn
|
0-0: Ball 1-0: Grounds into double play, 6-4-3 (Groundball, 6)
|
Batting: RHB Andrew Floyd
|
0-0: Ball 1-0: Ball 2-0: Ball 3-0: Base on Balls
|
Batting: RHB Jorge Salazar
|
0-0: Called Strike 0-1: Foul Ball, location: 2F 0-2: Ball 1-2: Foul Ball, location: 2F 1-2: Ball 2-2: Foul Ball, location: 2F 2-2: Strikes out swinging
|
Bottom of the 4th over - 0 run(s), 0 hit(s), 0 error(s), 1 left on base; Nortonville 0 - San Bernardino 0 |
TOP OF THE 5TH |
Nortonville Cherokees batting - Pitching for San Bernardino Grasshoppers : LHP Harvey Richards
|
Batting: RHB Louie McNeil
|
0-0: Foul Ball, location: 2F 0-1: Foul Ball, location: 2F 0-2: Fly out, F3 (Popup, 3)
|
Batting: RHB Chris Oudekirk
|
0-0: Ball 1-0: Called Strike 1-1: Ground out 6-3 (Groundball, 6)
|
Batting: LHB Anthony Trigg
|
0-0: Ball 1-0: Foul Ball, location: 2F 1-1: Fly out, F7 (Flyball, 7M)
|
Top of the 5th over - 0 run(s), 0 hit(s), 0 error(s), 0 left on base; Nortonville 0 - San Bernardino 0 |
BOTTOM OF THE 5TH |
San Bernardino Grasshoppers batting - Pitching for Nortonville Cherokees : RHP Luis Flores
|
Batting: RHB Luis Trujillo
|
0-0: Swinging Strike 0-1: Ball 1-1: Ball 2-1: Ball 3-1: Swinging Strike 3-2: Fly out, F8 (Flyball, 8LM)
|
Batting: RHB Frank Collins
|
0-0: Foul Ball, location: 2F 0-1: Called Strike 0-2: Strikes out swinging
|
Batting: RHB Cal Robinson
|
0-0: Ball 1-0: Ball 2-0: Foul Ball, location: 2F 2-1: Foul Ball, location: 2F 2-2: Strikes out swinging
|
Bottom of the 5th over - 0 run(s), 0 hit(s), 0 error(s), 0 left on base; Nortonville 0 - San Bernardino 0 |
TOP OF THE 6TH |
Nortonville Cherokees batting - Pitching for San Bernardino Grasshoppers : LHP Harvey Richards
|
Batting: RHB David Sánchez
|
0-0: Called Strike 0-1: Foul Ball, location: 2F 0-2: Strikes out swinging
|
Batting: RHB Thomas Morris
|
0-0: Ball 1-0: Called Strike 1-1: Called Strike 1-2: Strikes out swinging
|
Batting: RHB Claudio Torres
|
0-0: Fly out, F9 (Flyball, 9D)
|
Top of the 6th over - 0 run(s), 0 hit(s), 0 error(s), 0 left on base; Nortonville 0 - San Bernardino 0 |
BOTTOM OF THE 6TH |
San Bernardino Grasshoppers batting - Pitching for Nortonville Cherokees : RHP Luis Flores
|
Batting: RHB Cecil Cole
|
0-0: Swinging Strike 0-1: Foul Ball, location: 2F 0-2: Ball 1-2: Strikes out swinging
|
Batting: RHB Mark Field
|
0-0: Ball 1-0: SINGLE (Flyball, 89S)
|
Batting: LHB Dave Harris
|
0-0: Swinging Strike 0-1: Ball 1-1: Ball 2-1: Foul Ball, location: 2F 2-2: SINGLE (Groundball, 34) Mark Field to second Runner from 2nd tries for 3rd, SAFE, throw made to third
|
Batting: RHB Reggie Kahn
|
0-0: Ball 1-0: Called Strike 1-1: Ball 2-1: Called Strike 2-2: Strikes out swinging
|
Batting: RHB Andrew Floyd
|
0-0: Called Strike 0-1: Ball 1-1: Ball Dave Harris is caught stealing 2nd base
|
Bottom of the 6th over - 0 run(s), 2 hit(s), 0 error(s), 0 left on base; Nortonville 0 - San Bernardino 0 |
TOP OF THE 7TH |
Nortonville Cherokees batting - Pitching for San Bernardino Grasshoppers : LHP Harvey Richards
|
Batting: RHB Miguel Ramírez
|
0-0: Ball 1-0: Ground out 5-3 (Groundball, 5)
|
Batting: SHB Chris Cordell
|
0-0: Ball 1-0: Ball 2-0: Called Strike 2-1: Ball 3-1: Called Strike 3-2: Strikes out swinging
|
Batting: RHB Joel Lee
|
0-0: SINGLE (Groundball, 4MD)
|
Batting: RHB Louie McNeil
|
0-0: Ball 1-0: Ball 2-0: Fly out, F3 (Popup, 3SF)
|
Top of the 7th over - 0 run(s), 1 hit(s), 0 error(s), 1 left on base; Nortonville 0 - San Bernardino 0 |
BOTTOM OF THE 7TH |
San Bernardino Grasshoppers batting - Pitching for Nortonville Cherokees : RHP Luis Flores
|
Batting: RHB Andrew Floyd
|
0-0: Ball 1-0: Ground out U3 (Groundball, 3L)
|
Batting: RHB Jorge Salazar
|
0-0: Called Strike 0-1: Foul Ball, location: 2F 0-2: Ball 1-2: Foul Ball, location: 2F 1-2: Foul Ball, location: 2F 1-2: Ground out 1-3 (Groundball, 13S)
|
Pinch Hitting: SHB Tim Eldridge
|
0-0: Called Strike 0-1: Ball 1-1: Foul Ball, location: 2F 1-2: Ground out 3-1 (Groundball, 34)
|
Bottom of the 7th over - 0 run(s), 0 hit(s), 0 error(s), 0 left on base; Nortonville 0 - San Bernardino 0 |
TOP OF THE 8TH |
Nortonville Cherokees batting - Pitching for San Bernardino Grasshoppers : LHP Harvey Richards
|
Now at 3B: Wallace James
|
|
Pinch Hitting: RHB Lane Hancock
|
0-0: Called Strike 0-1: Ball 1-1: Foul Ball, location: 2F 1-2: Ground out 1-3 (Groundball, 13)
|
Pinch Hitting: LHB Steve Cunningham
|
0-0: Called Strike 0-1: Ball 1-1: Ball 2-1: Foul Ball, location: 2F 2-2: Strikes out swinging
|
Batting: RHB David Sánchez
|
0-0: SINGLE (Groundball, 56D) (infield hit)
|
Batting: RHB Thomas Morris
|
0-0: Foul Ball, location: 2F 0-1: Ball Pickoff Throw to First - Out!
|
Top of the 8th over - 0 run(s), 1 hit(s), 0 error(s), 0 left on base; Nortonville 0 - San Bernardino 0 |
BOTTOM OF THE 8TH |
San Bernardino Grasshoppers batting - Pitching for Nortonville Cherokees : RHP Luis Flores
|
Now in LF: Tom Tracy
|
|
Now in CF: Jim Unknown
|
|
Pinch Hitting: LHB Nari Corelli
|
0-0: Ball 1-0: Foul Ball, location: 2F 1-1: Swinging Strike 1-2: Strikes out swinging
|
Batting: RHB Cal Robinson
|
0-0: Called Strike 0-1: Ball 1-1: SINGLE (Groundball, 5D)
|
Pinch Hitting: RHB Orlando Trevino
|
0-0: Ball Cal Robinson is caught stealing 2nd base 1-0: Called Strike 1-1: Fly out, F8 (Flyball, 8LS)
|
Bottom of the 8th over - 0 run(s), 1 hit(s), 0 error(s), 0 left on base; Nortonville 0 - San Bernardino 0 |
TOP OF THE 9TH |
Nortonville Cherokees batting - Pitching for San Bernardino Grasshoppers : LHP Harvey Richards
|
Now at 1B: Rafael Álvarez
|
|
Now at 3B: Orlando Trevino
|
|
Batting: RHB Thomas Morris
|
0-0: DOUBLE (Line Drive, 7LM)
|
Pitching: RHP Jack Carr
|
|
Batting: RHB Claudio Torres
|
0-0: Ball 1-0: Called Strike 1-1: Fly out, F9 (Flyball, 9D) Runner from 2nd tags up, SAFE at 3rd, no throw
|
Batting: RHB Miguel Ramírez
|
0-0: Intentional Walk
|
Pinch Hitting: LHB Dudley Duncan
|
0-0: Called Strike 0-1: Ball 1-1: Foul Ball, location: 2F 1-2: SINGLE (Line Drive, 6D) Thomas Morris scores Miguel Ramírez to second
|
Batting: RHB Joel Lee
|
0-0: Ground out 4-3 (Groundball, 4S) Miguel Ramírez to third Dudley Duncan to second
|
Batting: RHB Louie McNeil
|
0-0: Called Strike 0-1: Called Strike 0-2: Foul Ball, location: 2F 0-2: Ball 1-2: Ground out 3-1 (Groundball, 34)
|
Top of the 9th over - 1 run(s), 2 hit(s), 0 error(s), 2 left on base; Nortonville 1 - San Bernardino 0 |
BOTTOM OF THE 9TH |
San Bernardino Grasshoppers batting - Pitching for Nortonville Cherokees : RHP Luis Flores
|
Now at 1B: Cristián Cruz
|
|
Now at 2B: Armando González
|
|
Now in RF: Jafar Taha
|
|
Batting: RHB Mark Field
|
0-0: Swinging Strike 0-1: Swinging Strike 0-2: SINGLE (Groundball, 34)
|
Pitching: RHP Deron Kuhn
|
|
Batting: LHB Dave Harris
|
0-0: Ball 1-0: Sac Bunt - play at first, batter OUT! 1-4 Mark Field to second
|
Batting: RHB Reggie Kahn
|
0-0: Ball 1-0: Called Strike 1-1: Ball 2-1: Ground out 6-3 (Groundball, 6)
|
Batting: RHB Andrew Floyd
|
0-0: Ball 1-0: Ball 2-0: Ball Wild Pitch! Mark Field to third 3-0: Called Strike 3-1: Foul Ball, location: 2F 3-2: Foul Ball, location: 2F 3-2: Foul Ball, location: 2F 3-2: Ground out 1-3 (Groundball, 13)
|
Bottom of the 9th over - 0 run(s), 1 hit(s), 0 error(s), 1 left on base; Nortonville 1 - San Bernardino 0 |
|